 Dungeon Crawl Stone Soup version 0.30.0-29-ga12c61a403 (webtiles) character file.

Game seed: 5641823969906966305

32663 cheesebisquit the Brawler (level 13, -9/131 HPs)
             Began as a Troll Fighter on June 12, 2023.
             Was an Elder of Wu Jian.
             Mangled by a death yak (23 damage)
             ... on level 5 of the Lair of Beasts.
             The game lasted 01:08:23 (12702 turns).

cheesebisquit the Brawler (Troll Fighter)          Turns: 12702, Time: 01:08:23

Health: -9/131     AC: 15    Str: 27    XL:     13   Next: 32%
Magic:  12/12      EV: 10    Int:  8    God:    Wu Jian [****..]
Gold:   526        SH: 15    Dex:  9    Spells: 4/12 levels left

rFire   . .          .
                       - Unarmed
rCold   . . .        b - +0 kite shield
rNeg    . . .        D - +0 swamp dragon scales
rPois   +            S - +2 hat
rElec   .            (no cloak)
rCorr   .            (gloves unavailable)
SInv    +            (boots unavailable)
Will    .....        H - amulet of reflection Stlth
                     i - ring of see invisible
HPRegen 1.21/turn    E - +4 ring of protection
MPRegen 0.13/turn

%: reflection
@: exhausted, studying Throwing
A: large, unfitting armour, claws 3, regeneration 1, shaggy fur 1, tough skin 1
a: Renounce Religion, Wall Jump, Serpent's Lash


You were on level 5 of the Lair of Beasts.
You worshipped Wu Jian.
Wu Jian was greatly pleased with you.
You visited 3 branches of the dungeon, and saw 15 of its levels.
You also visited: Sewer.

You collected 922 gold pieces.
You spent 396 gold pieces at shops.

Inventory:

Hand Weapons
 N - a +3 dagger of venom
Missiles
 n - 8 atropa-tipped darts
 A - 25 poisoned darts
 J - 3 curare-tipped darts
Armour
 b - a +0 kite shield (worn)
 r - the +2 robe of the Bard {Dex+9}
   (You found it in a sewer)

   Dex:       It affects your dexterity (+9).
 D - +0 swamp dragon scales (worn)
 L - +0 acid dragon scales
 S - a +2 hat (worn)
Jewellery
 f - a ring of flight
 i - a ring of see invisible (left claw)
 m - a +6 ring of dexterity
 z - a ring of magical power
 E - a +4 ring of protection (right claw)
 H - an amulet of reflection (around neck)
 I - an amulet of guardian spirit
 O - a +6 ring of intelligence
Wands
 a - a wand of mindburst (4)
 g - a wand of roots (3)
 M - a wand of polymorph (7)
 P - a wand of flame (6) (quivered)
Scrolls
 c - a scroll of brand weapon {unknown}
 l - 2 scrolls of enchant weapon
 p - a scroll of teleportation
 q - a scroll of torment
 s - 3 scrolls of fog {unknown}
 t - 3 scrolls of magic mapping
 u - a scroll of butterflies
 v - a scroll of vulnerability {unknown}
 y - a scroll of immolation
 B - 2 scrolls of amnesia
 F - a scroll of enchant armour {unknown}
 Q - 2 scrolls of poison
Potions
 d - 4 potions of brilliance
 e - 3 potions of lignification
 h - 5 potions of mutation
 j - 5 potions of heal wounds
 k - 4 potions of curing
 o - 4 potions of attraction
 w - a potion of magic {unknown}
 x - 2 potions of flight
 C - a potion of ambrosia {unknown}
 K - 3 potions of berserk rage


   Skills:
 + Level 9.5 Fighting
 + Level 7.8 Dodging
 + Level 10.3 Shields
 * Level 15.1 Unarmed Combat


You had 4 spell levels left.
You knew the following spells:

 Your Spells              Type           Power      Damage    Failure   Level
a - Statue Form           Tmut/Erth      0%         N/A       100%        6
b - Blink                 Tloc           0%         N/A       85%         2

Your spell library contained the following spells:

 Spells                   Type           Power      Damage    Failure   Level
 Sandblast                Erth           0%         2d4       71%         1
 Summon Small Mammal      Summ           0%         N/A       71%         1
 Lesser Beckoning         Tloc           0%         N/A       85%         2
 Momentum Strike          Conj/Tloc      0%         3d8       85%         2
 Passwall                 Tmut/Erth      0%         N/A       85%         2
 Call Canine Familiar     Summ           0%         N/A       97%         3
 Gell's Gravitas          Tloc           0%         N/A       97%         3
 Inner Flame              Hex/Fire       0%         N/A       97%         3
 Portal Projectile        Hex/Tloc       0%         N/A       97%         3
 Stone Arrow              Conj/Erth      0%         3d7       97%         3
 Summon Guardian Golem    Hex/Summ       0%         N/A       97%         3
 Teleport Other           Tloc           0%         N/A       97%         3
 Tukima's Dance           Hex            0%         N/A       97%         3
 Anguish                  Hex/Necr       0%         N/A       100%        4
 Cause Fear               Hex            0%         N/A       100%        4
 Flame Wave               Conj/Fire      0%         2d4       100%        4
 Leda's Liquefaction      Hex/Erth       0%         N/A       100%        4
 Manifold Assault         Tloc           0%         N/A       100%        4
 Petrify                  Tmut/Erth      0%         N/A       100%        4
 Sticky Flame             Conj/Fire      0%         2d3       100%        4
 Blade Hands              Tmut           0%         N/A       100%        5
 Lee's Rapid Deconstruct  Erth           0%         3d4*      100%        5
 Metabolic Englaciation   Hex/Ice        0%         N/A       100%        5
 Dispersal                Tloc           0%         N/A       100%        6
 Enfeeble                 Hex            0%         N/A       100%        7
 Storm Form               Tmut/Air       0%         N/A       100%        7


Dungeon Overview and Level Annotations

Branches:
Dungeon (9/15)             Temple (1/1) D:6            Lair (5/5) D:9
 Shoals (0/4) Lair:3       Spider (0/4) Lair:3        Slime (0/5) Lair:5
  Sewer (visited)
    Orc: D:9-12

Altars:
Ashenzari
Cheibriados
Dithmenos
Elyvilon
Fedhas
Gozag
Hepliaklqana
Kikubaaqudgha
Makhleb
Nemelex Xobeh
Okawaru
Qazlal
Ru
Sif Muna
Trog
Uskayaw
Vehumet
Wu Jian
Xom
Yredelemnul
Zin
The Shining One
Jiyva

Shops:
D:1 =   D:2 (   D:8 :

Annotations:
D:7 2 transporters
Lair:1 3 runed translucent doors, scisormetimb3rs's ghost, novice OpFE; seaoflcl's ghost, novice MiFi
Lair:5 2 transporters, bairyn's ghost, journeyman AtFi


Innate Abilities, Weirdness & Mutations

You are too large for most types of armour.
You have claws for hands.
Your natural rate of healing is unusually fast.
You are covered in fur. (AC +1)
You have tough skin. (AC +1)


Message History

The helpless death yak fails to defend itself.
You eviscerate the death yak!!!
The death yak is severely wounded.
The helpless death yak fails to defend itself.
You claw the death yak!
The death yak is almost dead.
Your supernatural speed expires.
An elephant comes into view.
You spin and attack the lindwurm.
The elephant trumpets!
You claw the lindwurm!
The lindwurm is moderately wounded.
You spin and attack the death yak.
The helpless death yak fails to defend itself.
You eviscerate the death yak!!!
You kill the death yak!
The Council accepts your kill.
The death yak is no longer petrified.
The lindwurm bites you but does no damage.
You block the lindwurm's attack. x2
You spin and attack the lindwurm repeatedly.
You closely miss the lindwurm.
The lindwurm is moderately wounded.
You closely miss the lindwurm.
The lindwurm is moderately wounded.
A nearby plant withers and dies.
The death yak gores you!!
* * * LOW HITPOINT WARNING * * *
The lindwurm completely misses you.
The lindwurm claws you but does no damage.
You block the lindwurm's attack.
As you read the scroll of butterflies, it crumbles to dust.
You hear the flapping of tiny wings.
The elephant is knocked back by the sudden gust.
The deep troll shaman is knocked back by the sudden gust.
The death yak is knocked back by the sudden gust.
The elephant is knocked back by the sudden gust.
The death yak is knocked back by the sudden gust.
The lindwurm is knocked back by the sudden gust.
The death yak gores you!!
You die...

#.....#... ..÷# ..
#.....#.8.# ###..#
.♣#
#.....#....##....#.Y.
##..÷.##.8b.#b...#..♣
##....#..b.bbb.##..#
##...###bYbbkb#.b#
#.....###bbbT#b#
##P.....##bbYbb##
##.....P##@bYYP#


###.b.bbbbbbPb# ########bbb## ###b# ## You could see 2 death yaks, 2 elephants,
a lindwurm (ally target) and a deep troll shaman (ally target).

Vanquished Creatures
  2 hydras
  A catoblepas (Lair:5)
  8 death yaks
  A harpy (Lair:3)
  An ugly thing (D:9)
  11 elephants (Lair:3)
  A torpor snail (Lair:3)
  2 black mambas (Lair:1)
  9 cane toads
  Maurice (D:8)
  Maggie (D:6)
  10 komodo dragons
  A troll (D:7)
  A queen bee (D:9)
  6 polar bears
  A meliai (Lair:3)
  12 blink frogs
  A vampire (D:8)
  2 slime creatures (Lair:5)
  8 wyverns
  14 yaks
  A basilisk (Lair:4)
  An acid dragon (D:8)
  8 water moccasins
  An orc warrior (D:9)
  2 black bears
  An ice beast (D:7)
  3 ogres
  2 sky beasts
  18 wolves
  A centaur (D:7)
  5 kobold brigands
  Blork the orc (D:4)
  16 bullfrogs
  5 scorpions
  2 gnoll sergeants
  5 wights (D:9)
  16 killer bees
  4 electric eels
  A howler monkey (D:6)
  6 jellies
  4 hounds
  A gnoll bouda (D:9)
  3 orc priests
  A quasit (D:7)
  Terence (D:3)
  A sleepcap (D:6)
  2 iguanas
  2 orc wizards
  A statue (D:7)
  8 adders
  15 gnolls
  4 river rats (Sewer)
  A shadow imp (D:7)
  4 white imps
  2 ufetubi (D:7)
  2 worms
  4 dart slugs
  30 orcs
  23 ball pythons
  10 endoplasms
  5 giant cockroaches
  7 goblins
  7 hobgoblins
  32 kobolds
  4 quokkas
  10 bats
  5 frilled lizards
  31 rats
413 creatures vanquished.

Vanquished Creatures (others)
  An orc wizard (D:7)
1 creature vanquished.

Grand Total: 414 creatures vanquished

Notes
Turn   | Place    | Note
-------+----------+-------------------------------------------
     0 | D:1      | cheesebisquit the Troll Fighter began the quest for the
                  | Orb.
     0 | D:1      | Reached XP level 1. HP: 22/22 MP: 0/0
   131 | D:1      | Found Ywnanig's Jewellery Shop.
   333 | D:1      | Reached XP level 2. HP: 29/29 MP: 1/1
   594 | D:2      | Reached XP level 3. HP: 31/36 MP: 2/2
   609 | D:2      | Reached skill level 3 in Unarmed Combat
   642 | D:2      | Found an ancient bone altar of Kikubaaqudgha.
   700 | D:2      | Found Daemite's Antique Weapon Shoppe.
  1061 | D:3      | Found a shimmering blue altar of Sif Muna.
  1078 | D:3      | Reached XP level 4. HP: 44/44 MP: 3/3
  1111 | D:3      | Found a glowing drain.
  1165 | Sewer    | Entered a sewer
  1350 | Sewer    | Identified the +2 robe of the Bard {Dex+9}
  1381 | Sewer    | Reached skill level 4 in Unarmed Combat
  1381 | Sewer    | Reached XP level 5. HP: 53/53 MP: 4/4
  1493 | Sewer    | Reached XP level 6. HP: 61/61 MP: 5/5
  1667 | D:3      | Reached skill level 5 in Unarmed Combat
  1770 | D:3      | Noticed Terence
  1777 | D:3      | Killed Terence
  1846 | D:3      | Found a white marble altar of Elyvilon.
  2211 | D:4      | Found an ancient bone altar of Kikubaaqudgha.
  2212 | D:4      | Noticed Blork the orc
  2402 | D:4      | Reached XP level 7. HP: 47/70 MP: 6/6
  2786 | D:4      | Killed Blork the orc
  2787 | D:4      | Reached skill level 6 in Unarmed Combat
  2870 | D:5      | Entered Level 5 of the Dungeon
  3029 | D:5      | Found a shimmering altar of Xom.
  3030 | D:5      | Found a shimmering altar of Xom.
  3031 | D:5      | Found a shimmering altar of Xom.
  3038 | D:5      | Found a hazy altar of Hepliaklqana.
  3736 | D:4      | Found an ancient bone altar of Kikubaaqudgha.
  4075 | D:5      | Reached skill level 5 in Shields
  4075 | D:5      | Reached XP level 8. HP: 72/79 MP: 7/7
  4102 | D:5      | Found a sparkling altar of Nemelex Xobeh.
  4233 | D:5      | Found a shadowy altar of Dithmenos.
  4285 | D:6      | Noticed Maggie
  4296 | D:6      | Killed Maggie
  4297 | D:6      | Reached skill level 7 in Unarmed Combat
  4472 | D:6      | Found a staircase to the Ecumenical Temple.
  4482 | Temple   | Entered the Ecumenical Temple
  4562 | Temple   | Became a worshipper of the Wu Jian Council
  4654 | D:6      | Reached skill level 5 in Fighting
  4668 | D:6      | Found a glowing golden altar of the Shining One.
  4775 | D:6      | Reached skill level 8 in Unarmed Combat
  5509 | D:7      | Reached XP level 9. HP: 63/88 MP: 8/8
  5565 | D:7      | Reached skill level 9 in Unarmed Combat
  5652 | D:7      | Found a transporter.
  5679 | D:7      | Found a radiant altar of Vehumet.
  5720 | D:7      | Reached * piety under Wu Jian
  5835 | D:7      | Found a transporter.
  5846 | D:7      | Noticed a troll
  5852 | D:7      | Killed a troll
  5933 | D:7      | Found a blossoming altar of Fedhas.
  6026 | D:8      | Reached skill level 10 in Unarmed Combat
  6100 | D:8      | Reached XP level 10. HP: 73/100 MP: 9/9
  6266 | D:8      | Reached ** piety under Wu Jian
  6300 | D:8      | Found Geyzuam's Book Shoppe.
  6314 | D:8      | Bought a book of the Earth for 396 gold pieces
  6321 | D:8      | Learned a level 6 spell: Statue Form
  6324 | D:8      | Learned a level 2 spell: Blink
  6341 | D:8      | Noticed Maurice
  6351 | D:8      | Killed Maurice
  6485 | D:8      | Found a hide-covered altar of Uskayaw.
  6691 | D:9      | Noticed a green ugly thing
  6707 | D:9      | Killed a green ugly thing
  6895 | D:9      | Reached skill level 11 in Unarmed Combat
  6931 | D:9      | Found an opulent altar of Gozag.
  6991 | D:9      | Reached *** piety under Wu Jian
  7210 | D:9      | Found a staircase to the Lair.
  7259 | Lair:1   | Entered Level 1 of the Lair of Beasts
  7266 | Lair:1   | Noticed a black mamba
  7540 | Lair:1   | Killed a black mamba
  7576 | Lair:1   | Reached XP level 11. HP: 105/109 MP: 10/10
  7577 | Lair:1   | Reached skill level 5 in Dodging
  7781 | Lair:1   | Noticed a death yak
  7792 | Lair:1   | Killed a death yak
  7793 | Lair:1   | Reached skill level 12 in Unarmed Combat
  7850 | Lair:1   | Found a runed translucent gate.
  7850 | Lair:1   | Found a runed translucent gate.
  7850 | Lair:1   | Found a runed translucent gate.
  7850 | Lair:1   | Noticed scisormetimb3rs's ghost (novice OpFE)
  7851 | Lair:1   | Noticed seaoflcl's ghost (novice MiFi)
  9646 | Lair:3   | Reached skill level 13 in Unarmed Combat
  9729 | Lair:3   | Reached XP level 12. HP: 86/120 MP: 11/11
  9805 | Lair:3   | You fall into a shaft and drop 2 floors!
  9805 | Lair:5   | Entered Level 5 of the Lair of Beasts
  9805 | Lair:5   | Found a transporter.
  9916 | Lair:5   | Found a viscous altar of Jiyva.
  9916 | Lair:5   | Found a staircase to the Slime Pits.
  9941 | Lair:5   | Reached **** piety under Wu Jian
  9994 | Lair:5   | Found a transporter.
  9995 | Lair:5   | Noticed bairyn's ghost (journeyman AtFi)
 10059 | Lair:5   | Noticed a seven-headed hydra
 10070 | Lair:4   | Noticed a seven-headed hydra
 10233 | Lair:4   | Noticed a death yak
 10233 | Lair:4   | Noticed a death yak
 10234 | Lair:4   | Noticed a death yak
 10234 | Lair:4   | Noticed a death yak
 10234 | Lair:4   | Noticed a death yak
 10291 | Lair:3   | Found a hole to the Spider Nest.
 10525 | Lair:3   | Found a glowing golden altar of the Shining One.
 10525 | Lair:3   | Reached skill level 14 in Unarmed Combat
 10723 | Lair:3   | Found a staircase to the Shoals.
 11390 | Lair:4   | Killed a death yak
 11403 | Lair:4   | Killed a death yak
 11409 | Lair:3   | Killed a death yak
 11457 | Lair:4   | Reached skill level 10 in Shields
 11512 | Lair:4   | Killed a death yak
 11513 | Lair:4   | Reached XP level 13. HP: 124/131 MP: 12/12
 12611 | Lair:5   | Reached skill level 15 in Unarmed Combat
 12702 | Lair:5   | Mangled by a death yak

Illustrated notes

Levels and vault maps discovered:
D:1:      dpeg_arrival_refuge, layout_basic, serial_shops, shop,
          skrybe_limestone_x, minmay_stone_trees_small
D:2:      layout_basic, serial_shops, nicolae_shop_advertising_works
          [nicolae_subvault_shop_adworks], basic_altar,
          minmay_shallow_snake_nest
D:3:      layout_basic, lemuel_doored_altar, mainiacjoe_overflow_24_doors,
          cheibrodos_sewer_entry_sluice, corexii_corridor_pit,
          minmay_misc_feat_diagonals, wander_ebering_terrifying_dragon_lair,
          uniq_terence
D:4:      layout_cave_pools, lemuel_tele_altar, serial_co_window_serial,
          co_window_of_opportunity_a, co_window_of_opportunity_a,
          co_window_cross_1, co_window_paths_a, co_window_corner_a,
          co_window_cross_4, co_window_unsneaky_path_a, co_window_2corner,
          co_window_unsneaky_path_e, co_window_sun, glass_columns_a,
          glass_columns_a, minmay_bisected, uniq_blork_the_orc
D:5:      layout_cave_pools, nemelex_xobeh_ov_fountains_minmay,
          mainiacjoe_overflow_boulevard, mainiacjoe_overflow_six_doors_small,
          xom_redecorated
D:6:      layout_loops_corners, tso_oasis_becter, minmay_temple_entry_slanted,
          chequers_avenue, uniq_maggie
D:7:      gammafunk_cloud_chamber, layout_rooms, nicolae_overflow_hidden_temple,
          vehumet_statue, serial_demonic, serial_demonic_a, serial_demonic_f,
          serial_demonic_a, serial_demonic_c, minmay_manual_monstrance
D:8:      layout_rooms, nicolae_uskayaw_dance_studio, serial_shops,
          nicolae_shop_tiny_waterfront, uniq_maurice
D:9:      layout_gridville, grunt_gozag_breadcrumbs, lair_entry_dummy,
          nrook_pool_corridor, small_chamber_with_monster, fountainhead,
          minivault_7
Temple:   eino_temple_lava
Lair:1:   dreamdust_cave_troll, layout_gridlike, gammafunk_ghost_cemetery,
          special_room, nicolae_quartered_pool_super, minmay_shattered_shrine
Lair:2:   layout_roguey
Lair:3:   layout_cave_pods, nicolae_shoals_entry_roost,
          hellmonk_spider_entry_not_the_bees, basic_altar, serial_bayou_shore_a,
          serial_bayou_shore_b, serial_bayou_shore_b
Lair:4:   layout_hall_layers, uniq_nessos
Lair:5:   grunt_lair_end_beastmaster, layout_loops_ring,
          minmay_slime_entry_pillars, gammafunk_ghost_hive, grunt_megastairs_2,
          serial_bayou_shore_b

Skill      XL: |  1  2  3  4  5  6  7  8  9 10 11 12 13 |
---------------+----------------------------------------+-----
Shields        | 3 4 5 6 7 9 10 | 10.3
Unarmed Combat | 3 4 5 6 8 10 11 13 14 15 | 15.1
Fighting       | 3 4 5 6 7 8 9 |  9.5
Dodging        | 3 4 6 7 |  7.8

Action                     |  1- 3 |  4- 6 |  7- 9 | 10-12 | 13-15 || total
---------------------------+-------+-------+-------+-------+-------++-------
  Melee: Unarmed           |   104 |   231 |   256 |   658 |   130 ||  1379
  Throw: Boomerang         |       |       |     7 |    31 |       ||    38
         Dart              |       |       |       |    75 |    21 ||    96
 Invoke: Serpent's Lash    |       |       |       |     6 |     4 ||    10
Ability: Lunge             |       |       |    12 |    53 |    10 ||    75
         Whirlwind         |       |       |       |   167 |    48 ||   215
         Wall Jump         |       |       |       |     1 |       ||     1
  Evoke: Wand              |       |       |       |       |    25 ||    25
    Use: Scroll            |       |       |       |    27 |     3 ||    30
         Potion            |       |       |       |     7 |     2 ||     9
   Stab: Sleeping          |       |     2 |     1 |       |       ||     3
         Invisible         |       |       |       |     4 |       ||     4
         Petrified         |       |       |       |       |     7 ||     7
         Petrifying        |       |       |       |       |     1 ||     1
 Armour: Robe              |    44 |    86 |    10 |       |       ||   140
         Swamp dragon scal |       |       |    53 |   203 |    62 ||   318
  Dodge: Dodged            |    37 |   114 |    57 |   193 |    44 ||   445
  Block: Kite shield       |    49 |   131 |   101 |   433 |   106 ||   820
         Reflection        |       |       |     4 |     3 |       ||     7
